[Event "Titled Tuesday Blitz August 08 Early 2023"]
[White "Fajdetic, Hrvoje"]
[Black "Rosh Jain"]
[WhiteFideId "14501945"]
[BlackFideId "25789465"]
[WhiteElo "2305"]
[BlackElo "2475"]
[Result "0-1"]
[Round "8"]
[TimeControl "180+1"]
[Date "2023.08.08"]
[WhiteClock "0:00:05"]
[BlackClock "0:00:39"]
[Board "150"]

1. d4 Nf6 2. Bf4 d5 3. e3 e6 4. Nf3 Bd6 5. Bg3 c5 6. c3 Qc7 7. Ne5 Nbd7 8. Bb5 O-O 9. Bxd7 Nxd7 10. f4 f6 11. Nxd7 Bxd7 12. O-O cxd4 13. exd4 Bb5 14. Re1 Bxf4 15. Bxf4 Qxf4 16. Rxe6 Rfe8 17. Qe1 Rxe6 18. Qxe6+ Kh8 19. Na3 Re8 20. g3 Qf3 21. Qd6 Bd3 22. Qf4 Qh5 23. h4 h6 24. Qd2 Qf3 25. Qf2 Qxf2+ 26. Kxf2 Re2+ 27. Kf3 Rxb2 28. g4 Be4+ 29. Kf4 Rf2+ 30. Ke3 Rf3+ 31. Kd2 Rg3 32. g5 hxg5 33. hxg5 Rxg5 34. Nb5 Rg2+ 35. Ke3 Rg3+ 36. Kf2 Rf3+ 37. Ke2 a6 38. Nd6 Rxc3 39. Nxe4 dxe4 40. Rd1 Kg8 41. d5 Kf8 42. d6 Ke8 43. Rd4 Kd7 44. Rxe4 Kxd6 45. Rg4 g5 46. Rb4 b5 47. a4 Rc4 48. Rxc4 bxc4 0-1


[Site "https://www.chess.com"]

[Event "Titled Tuesday Blitz August 08 Early 2023"]
[White "favesaul"]
[Black "GAO"]
[WhiteElo "2466"]
[BlackElo "2289"]
[Result "1-0"]
[Round "8"]
[TimeControl "180+1"]
[Date "2023.08.08"]
[WhiteClock "0:00:17"]
[BlackClock "0:00:44"]
[Board "151"]

1. e4 c6 2. d4 d5 3. e5 Bf5 4. Bd3 Bxd3 5. Qxd3 e6 6. h4 c5 7. dxc5 Bxc5 8. h5 Qb6 9. Qg3 Ne7 10. h6 Nf5 11. hxg7 Rg8 12. Qf4 Rxg7 13. g4 Nd4 14. Kd1 Nd7 15. c3 Nc6 16. Nf3 O-O-O 17. b4 Be7 18. a4 Qxf2 19. Nbd2 d4 20. cxd4 Bg5 21. Qe4 Nxb4 22. Rf1 Qg2 23. Nxg5 Qg3 24. Nxf7 Nd5 25. Nd6+ Kb8 26. Rf3 Nc3+ 27. Rxc3 Qxc3 28. Qxb7# 1-0


[Site "https://www.chess.com"]

[Event "Titled Tuesday Blitz August 08 Early 2023"]
[White "Sariego Figueredo, Wilfredo"]
[Black "Baches Garcia, Guillermo"]
[WhiteFideId "3500080"]
[BlackFideId "2209764"]
[WhiteElo "2290"]
[BlackElo "2450"]
[Result "1-0"]
[Round "8"]
[TimeControl "180+1"]
[Date "2023.08.08"]
[WhiteClock "0:00:12"]
[BlackClock "0:00:00"]
[Board "152"]

1. d4 Nf6 2. Bf4 e6 3. e3 c5 4. c3 d5 5. Nf3 Nc6 6. Bd3 cxd4 7. exd4 Nh5 8. Bg5 f6 9. Bh4 Bd6 10. Nbd2 Nf4 11. Bf1 Qe7 12. Qc2 Bd7 13. Bg3 g5 14. Bxf4 Bxf4 15. Nb3 g4 16. Nfd2 e5 17. dxe5 fxe5 18. g3 O-O-O 19. O-O-O Bg5 20. h4 Bf6 21. Bg2 Be6 22. Rhe1 Rhf8 23. Nf1 Bg7 24. Ne3 Bh6 25. Kb1 Qf7 26. Re2 Rd6 27. Nc5 d4 28. Nxe6 Qxe6 29. cxd4 Rxd4 30. Rxd4 exd4 31. Nd5 Qg6 32. Be4 Qf7 33. Bf5+ Kb8 34. Bxg4 Qxd5 35. Qxh7 Qh1+ 36. Kc2 Qc1+ 37. Kb3 Na5+ 38. Ka3 Qc5+ 39. b4 Qc3+ 40. Ka4 Nc4 41. Qxh6 Qa3+ 42. Kb5 Nb2 43. Qxf8+ 1-0


[Site "https://www.chess.com"]

[Event "Titled Tuesday Blitz August 08 Early 2023"]
[White "Ruge, Edison"]
[Black "FREDERICKtheMATE"]
[WhiteFideId "4401000"]
[WhiteElo "2274"]
[BlackElo "2447"]
[Result "0-1"]
[Round "8"]
[TimeControl "180+1"]
[Date "2023.08.08"]
[WhiteClock "0:00:00"]
[BlackClock "0:00:15"]
[Board "153"]

1. e4 c5 2. Nf3 Nc6 3. d3 g6 4. Nbd2 Bg7 5. g3 d6 6. Bg2 e6 7. h4 h6 8. h5 g5 9. O-O Nge7 10. Nh2 f5 11. c3 O-O 12. f4 g4 13. Re1 Kh8 14. Nc4 Rb8 15. e5 d5 16. Nd6 Bd7 17. Be3 b6 18. Bf2 Nc8 19. Nxc8 Qxc8 20. c4 d4 21. a3 Qe8 22. Nxg4 fxg4 23. Qxg4 Rg8 24. Qh3 Ne7 25. Be4 Qf7 26. Kh2 Rbf8 27. Rg1 Be8 28. b4 Qxh5 29. Qxh5 Bxh5 30. bxc5 bxc5 31. Rab1 Rb8 32. g4 Rxb1 33. Rxb1 Bxg4 34. Rb7 Re8 35. Rxa7 Bf5 36. Rc7 Bxe4 37. dxe4 Ng6 38. Kg3 Rf8 39. Rxc5 Nxf4 40. Rc6 Bxe5 41. Kg4 Nd3 42. Bh4 Rf4+ 43. Kh5 Rxe4 44. Be7 Kg7 45. c5 Nf4+ 46. Kg4 Ng6+ 47. Kf3 Rf4+ 48. Ke2 Nxe7 49. Rxe6 Bf6 50. c6 Kf7 51. Rd6 Rf5 52. a4 Rc5 53. Kd3 Rxc6 54. Rd7 Ke6 55. Rd8 Nf5 56. Re8+ Kd5 57. Rf8 h5 58. a5 h4 59. Rf7 Ke6 60. Rh7 Ra6 0-1


[Site "https://www.chess.com"]

[Event "Titled Tuesday Blitz August 08 Early 2023"]
[White "Warchol, Kamil"]
[Black "Cagara, Paulina"]
[WhiteFideId "21858241"]
[BlackFideId "1124870"]
[WhiteElo "2439"]
[BlackElo "2273"]
[Result "1-0"]
[Round "8"]
[TimeControl "180+1"]
[Date "2023.08.08"]
[WhiteClock "0:00:16"]
[BlackClock "0:00:07"]
[Board "154"]

1. e4 c6 2. c4 d5 3. cxd5 cxd5 4. exd5 Nf6 5. Nc3 Nxd5 6. Nf3 Nc6 7. Bb5 Bg4 8. Qa4 Nf6 9. Bxc6+ bxc6 10. Qxc6+ Bd7 11. Qc4 Rc8 12. Qb3 g6 13. Ng5 e6 14. O-O Bg7 15. d4 O-O 16. Rd1 Bc6 17. Bf4 Nd5 18. Nxd5 Bxd5 19. Qe3 Rc2 20. Rd2 Rc4 21. b3 Rc6 22. Ne4 Qh4 23. f3 Rfc8 24. Rad1 Bxe4 25. fxe4 Rc3 26. Rd3 Rc2 27. d5 exd5 28. exd5 Qg4 29. Bg3 h5 30. d6 h4 31. d7 Rd8 32. Qe8+ Kh7 33. Qxd8 hxg3 34. hxg3 g5 35. Qa8 Rxg2+ 36. Qxg2 f5 37. d8=Q f4 38. gxf4 1-0


[Site "https://www.chess.com"]

[Event "Titled Tuesday Blitz August 08 Early 2023"]
[White "Psychonerd5"]
[Black "Novikov, Evgenij"]
[BlackFideId "4125380"]
[WhiteElo "2418"]
[BlackElo "2437"]
[Result "1-0"]
[Round "8"]
[TimeControl "180+1"]
[Date "2023.08.08"]
[WhiteClock "0:00:20"]
[BlackClock "0:00:10"]
[Board "155"]

1. c4 e5 2. g3 d5 3. cxd5 c6 4. dxc6 Nxc6 5. Bg2 Nf6 6. Nc3 Bc5 7. Nf3 O-O 8. O-O Bg4 9. d3 Qd7 10. Bg5 Bh3 11. Bxf6 Bxg2 12. Kxg2 gxf6 13. Rc1 Rac8 14. Qd2 f5 15. Qg5+ Kh8 16. Qf6+ Kg8 17. Nxe5 Nxe5 18. Qxe5 Rfe8 19. Nd5 Rxe5 20. Nf6+ Kg7 21. Nxd7 Rd5 22. Nxc5 Rdxc5 23. Rxc5 Rxc5 24. Kf3 Rc2 25. Rb1 Kf6 26. a4 Ke5 27. Ke3 a6 28. b4 Ra2 29. a5 Ra4 30. Rb3 h6 31. h3 f6 32. f3 h5 33. h4 Ke6 34. Rb2 Ke5 35. Rb1 Ke6 36. Kf4 Ra2 37. e3 Ra3 38. d4 Ra4 39. e4 fxe4 40. fxe4 Ra2 41. d5+ Kf7 42. Rc1 Rf2+ 43. Ke3 Rb2 44. Rc7+ Kg6 45. Rxb7 Rb3+ 46. Kf4 Rb1 47. Rb6 Rf1+ 48. Ke3 Rb1 49. d6 Kf7 50. Kd4 Ke6 51. d7+ Kxd7 52. Rxf6 Rxb4+ 53. Ke3 Rb5 54. Rxa6 Kc7 55. Kf4 Kb7 56. Rb6+ Rxb6 57. axb6 1-0


[Site "https://www.chess.com"]

[Event "Titled Tuesday Blitz August 08 Early 2023"]
[White "Harriott, Tyrell"]
[Black "Luxama, Jacques Muller"]
[WhiteFideId "2086484"]
[BlackFideId "11900113"]
[WhiteElo "2424"]
[BlackElo "2226"]
[Result "1-0"]
[Round "8"]
[TimeControl "180+1"]
[Date "2023.08.08"]
[WhiteClock "0:00:10"]
[BlackClock "0:00:00"]
[Board "156"]

1. d4 Nf6 2. e3 c5 3. c3 Qb6 4. f4 Nc6 5. Bd3 d6 6. Ne2 e5 7. dxe5 dxe5 8. O-O Be7 9. f5 O-O 10. Bc2 Rd8 11. Qe1 c4 12. Kh1 Qc5 13. e4 b5 14. a3 Bb7 15. Ng3 Qb6 16. Nd2 a5 17. Nf3 b4 18. Ba4 Re8 19. Be3 Bc5 20. Bg5 Ng4 21. h3 Nf2+ 22. Kh2 Nd3 23. Qe2 f6 24. Nh5 fxg5 25. Nxg5 Be3 26. Ne6 Rxe6 27. fxe6 Nf4 28. Rxf4 Bxf4+ 29. g3 Bg5 30. Qg4 Qd8 31. h4 Qd2+ 32. Kh3 Bh6 33. Rf1 Ne7 34. Nf6+ Kh8 35. Nd7 Qe3 36. Nxe5 Ng6 37. Nf7+ Kg8 38. Nxh6+ gxh6 39. h5 Bxe4 40. hxg6 Bxg6 41. Rf7 Qe1 42. Qf3 Rd8 43. Bc6 Rd3 44. Qf4 Rxg3+ 45. Qxg3 Qxg3+ 46. Kxg3 Bxf7 47. exf7+ Kxf7 48. cxb4 axb4 49. axb4 Ke7 50. Be4 Kd6 51. Bxh7 Ke5 52. Bg8 Kd4 53. Kg4 c3 54. bxc3+ Kxc3 55. b5 Kb4 56. b6 Kc5 57. b7 Kd4 58. b8=Q Kc3 59. Qc7+ Kd2 60. Qh7 1-0


[Site "https://www.chess.com"]

[Event "Titled Tuesday Blitz August 08 Early 2023"]
[White "Cheer_Down"]
[Black "LionKing2367890"]
[WhiteElo "2418"]
[BlackElo "2223"]
[Result "1-0"]
[Round "8"]
[TimeControl "180+1"]
[Date "2023.08.08"]
[WhiteClock "0:00:12"]
[BlackClock "0:00:01"]
[Board "157"]

1. e4 e5 2. Nf3 Nc6 3. Bc4 Bc5 4. c3 Nf6 5. d3 a6 6. a4 O-O 7. O-O d6 8. h3 Be6 9. Bxe6 fxe6 10. b4 Ba7 11. Re1 Qe8 12. Be3 Bxe3 13. Rxe3 Qg6 14. Nbd2 Nh5 15. Kh2 Nf4 16. g3 Nh5 17. b5 Ne7 18. d4 exd4 19. cxd4 Nf6 20. Qb3 Qf7 21. Ng5 Ng4+ 22. hxg4 Qxf2+ 23. Kh3 Qxd2 24. Rd1 Qf2 25. Nxe6 Kh8 26. Nxf8 Rxf8 27. Ree1 Rf3 28. Qxf3 Qxf3 29. Rf1 Qb3 30. Rf8+ Ng8 31. Rc1 Qxa4 32. Rxc7 axb5 33. Rcc8 Qb3 34. d5 h6 35. g5 hxg5 36. Rxg8+ Kh7 37. Rce8 Qf3 38. Rh8+ Kg6 39. Re6+ Kf7 40. Rb8 g4+ 41. Kh4 Qe2 42. Rxb7+ Kg8 43. Rg6 Qb2 44. Rxd6 Qe5 45. Re6 Qb2 46. e5 b4 47. Ree7 g6 48. Rg7+ Kh8 49. Rge7 Kg8 50. Re8# 1-0


[Site "https://www.chess.com"]

[Event "Titled Tuesday Blitz August 08 Early 2023"]
[White "Begunov, Konstantin"]
[Black "Putri, Regita Desyari"]
[WhiteFideId "4118510"]
[BlackFideId "7109083"]
[WhiteElo "2418"]
[BlackElo "2172"]
[Result "0-1"]
[Round "8"]
[TimeControl "180+1"]
[Date "2023.08.08"]
[WhiteClock "0:00:04"]
[BlackClock "0:00:05"]
[Board "158"]

1. d4 Nf6 2. c4 e6 3. Nf3 b6 4. g3 Ba6 5. Qa4 Bb7 6. Bg2 Be7 7. Nc3 O-O 8. O-O d6 9. Qc2 Nbd7 10. e4 e5 11. d5 a5 12. h3 Ba6 13. b3 Nc5 14. Be3 Nfd7 15. Nd2 g6 16. Bh6 Re8 17. a3 Nf8 18. b4 Ncd7 19. bxa5 bxa5 20. Na4 Nb6 21. Rfb1 Nfd7 22. Be3 Rf8 23. Bf1 f5 24. exf5 gxf5 25. f4 e4 26. Kh2 Bf6 27. Ra2 Qe7 28. Nc3 Qg7 29. Nb5 Bxb5 30. cxb5 Rac8 31. Be2 Kh8 32. Qb3 Rg8 33. Nf1 Bd4 34. Rc2 Nc5 35. Rxc5 dxc5 36. a4 Bxe3 37. Qxe3 Qd4 38. g4 Nxd5 39. Qb3 Qf2+ 40. Kh1 Nxf4 41. Qb2+ Rg7 42. Bc4 Qf3+ 43. Kh2 Qxh3+ 44. Kg1 Qxg4+ 45. Kf2 Qg2+ 46. Ke1 Qxb2 47. Rxb2 Ng2+ 48. Kd1 Nf4 49. Rf2 Rd8+ 50. Kc2 Nd3 51. Rxf5 Nb4+ 52. Kc3 Rg1 53. Ne3 Rg3 54. Be6 Rxe3+ 55. Kc4 Nd3 56. Rh5 Nb2+ 57. Kxc5 Rc3+ 58. Bc4 Rxc4# 0-1


[Site "https://www.chess.com"]

[Event "Titled Tuesday Blitz August 08 Early 2023"]
[White "Aepfler, Christian"]
[Black "Falbo, Sandro"]
[WhiteFideId "4628306"]
[BlackFideId "810444"]
[WhiteElo "2116"]
[BlackElo "2226"]
[Result "1-0"]
[Round "8"]
[TimeControl "180+1"]
[Date "2023.08.08"]
[WhiteClock "0:01:00"]
[BlackClock "0:00:00"]
[Board "159"]

1. e4 c5 2. c3 Nf6 3. e5 Nd5 4. Nf3 Nc6 5. d4 cxd4 6. cxd4 d6 7. Bc4 dxe5 8. dxe5 Ndb4 9. Qe2 Bg4 10. O-O e6 11. Bb5 Be7 12. a3 Nd5 13. Qc4 Bxf3 14. Bxc6+ bxc6 15. Qxc6+ Kf8 16. gxf3 Rc8 17. Qb7 Bc5 18. Nd2 Rb8 19. Qa6 Qg5+ 20. Kh1 Qh5 21. Qc4 Bb6 22. Qe4 g5 23. Nc4 Qh3 24. Bd2 h6 25. Qg4 Qxg4 26. fxg4 Bd4 27. Rab1 Kg7 28. f4 gxf4 29. Bxf4 Rhc8 30. b3 Nc3 31. Rbe1 Rxb3 32. Nd6 Rc7 33. Ne8+ Kf8 34. Nxc7 1-0


[Site "https://www.chess.com"]

[Event "Titled Tuesday Blitz August 08 Early 2023"]
[White "Ibadov, Dashgyn"]
[Black "Haukenfrers, Dale"]
[WhiteFideId "24107514"]
[BlackFideId "2603780"]
[WhiteElo "2522"]
[BlackElo "2141"]
[Result "1-0"]
[Round "8"]
[TimeControl "180+1"]
[Date "2023.08.08"]
[WhiteClock "0:01:05"]
[BlackClock "0:01:28"]
[Board "160"]

1. e4 g6 2. d4 d6 3. Nc3 Bg7 4. Be3 c6 5. Nf3 b5 6. e5 b4 7. Ne4 d5 8. Nc5 Nd7 9. Qd2 Nxc5 10. dxc5 a5 11. Nd4 e6 12. h4 h5 13. Nxc6 Qc7 14. Nd4 Bxe5 15. Nb5 Qc6 16. Bd4 Bxd4 17. Qxd4 f6 18. O-O-O Kf7 19. Nd6+ Kg7 20. Bb5 Qd7 21. Bxd7 Bxd7 22. f4 Nh6 23. Rhe1 Rhe8 24. Ne4 dxe4 25. Qxd7+ Nf7 26. Rxe4 a4 27. Rxe6 Rxe6 28. Qxe6 b3 29. axb3 a3 30. bxa3 Ra6 31. Qxa6 g5 32. Rd7 g4 33. Qe6 g3 34. Qxf7+ Kh6 35. Qxf6# 1-0


[Site "https://www.chess.com"]

[Event "Titled Tuesday Blitz August 08 Early 2023"]
[White "LeoLV10"]
[Black "Shapiro, Daniel"]
[BlackFideId "2001780"]
[WhiteElo "2522"]
[BlackElo "2345"]
[Result "1-0"]
[Round "8"]
[TimeControl "180+1"]
[Date "2023.08.08"]
[WhiteClock "0:01:22"]
[BlackClock "0:00:00"]
[Board "161"]

1. e4 c5 2. Nf3 d6 3. d4 cxd4 4. Nxd4 Nf6 5. Nc3 Nc6 6. Bg5 Qb6 7. Nb3 e6 8. Be2 a6 9. Qd2 Qc7 10. f4 Be7 11. O-O-O O-O 12. g4 Rd8 13. h4 b5 14. a3 Bb7 15. Qe3 Rac8 16. h5 b4 17. axb4 Nxb4 18. Kb1 d5 19. e5 Ne4 20. Rh3 Bxg5 21. fxg5 Qxe5 22. Nxe4 Rxc2 23. Nc3 Qxe3 24. Rxe3 e5 25. Rxe5 d4 26. Rxd4 1-0


[Site "https://www.chess.com"]

[Event "Titled Tuesday Blitz August 08 Early 2023"]
[White "Lesbekova, Assel"]
[Black "Ljukin, Sergei"]
[WhiteFideId "13713248"]
[BlackFideId "14102200"]
[WhiteElo "2339"]
[BlackElo "2468"]
[Result "1/2-1/2"]
[Round "8"]
[TimeControl "180+1"]
[Date "2023.08.08"]
[WhiteClock "0:01:58"]
[BlackClock "0:00:14"]
[Board "162"]

1. e4 e6 2. d4 d5 3. Bd3 dxe4 4. Bxe4 Nf6 5. Bf3 Nbd7 6. Ne2 Bd6 7. Bf4 O-O 8. Bxd6 cxd6 9. O-O e5 10. dxe5 dxe5 11. Nbc3 Qe7 12. Ng3 Nc5 13. Nge4 Ncxe4 14. Nxe4 Nxe4 15. Bxe4 Be6 16. Qe2 f5 17. Bd3 e4 18. Bc4 Rac8 19. Bxe6+ Qxe6 20. c3 f4 21. Rfe1 Rce8 22. Qb5 Qg4 23. Qd5+ Kh8 24. Rxe4 Rxe4 25. Qxe4 h6 26. Re1 Qh5 27. f3 Qb5 28. Qb4 Qxb4 29. cxb4 Rf7 30. Kf2 g5 31. Re2 Kg7 32. Rd2 Rc7 33. Ke2 Kf7 34. Kd1 Ke7 35. b3 Rc6 36. Rd5 Re6 37. Kd2 Ra6 38. a4 Re6 39. Kd3 Re3+ 40. Kc2 Ke6 41. Rd2 Ke5 42. b5 b6 43. a5 bxa5 44. Rd7 Re2+ 45. Kc3 Rxg2 46. Rxa7 Kd6 47. Ra6+ Kc5 48. Rxh6 Kxb5 49. h4 g4 50. fxg4 Rxg4 51. h5 Rg3+ 52. Kc2 Rh3 53. Rf6 Rxh5 54. Rxf4 Rg5 55. Ra4 Rh5 56. Rc4 Rg5 57. Ra4 Rh5 58. Rg4 Rf5 59. Kc3 Rh5 60. Kb2 Rf5 61. Ka3 Rh5 62. Kb2 Rf5 63. Ka3 1/2-1/2


[Site "https://www.chess.com"]

[Event "Titled Tuesday Blitz August 08 Early 2023"]
[White "Nguyen Hong Nhung"]
[Black "Pavlidou, Ekaterini"]
[WhiteFideId "12412201"]
[BlackFideId "4213262"]
[WhiteElo "2449"]
[BlackElo "2325"]
[Result "1-0"]
[Round "8"]
[TimeControl "180+1"]
[Date "2023.08.08"]
[WhiteClock "0:01:48"]
[BlackClock "0:01:03"]
[Board "163"]

1. e4 c5 2. Nc3 Nc6 3. f4 g6 4. Nf3 Bg7 5. Bc4 d6 6. O-O e6 7. d3 Nge7 8. Qe1 a6 9. a4 b6 10. Qh4 h6 11. Bd2 Bb7 12. Rae1 Nd4 13. Nxd4 Bxd4+ 14. Kh1 Nc6 15. Qg3 h5 16. f5 gxf5 17. exf5 h4 18. Qh3 e5 19. Nd5 Na5 20. Bxa5 bxa5 21. c3 Bxd5 22. Bxd5 Rb8 23. cxd4 cxd4 24. b3 Qg5 25. f6 Rg8 26. Rc1 Kd8 27. Rc6 Qg4 28. Rxd6+ Kc7 29. Rc6+ Kd7 30. Qxg4+ Rxg4 31. Rfc1 Rf4 32. Bxf7 Rf8 33. Be6+ 1-0


[Site "https://www.chess.com"]

[Event "Titled Tuesday Blitz August 08 Early 2023"]
[White "MateoReyes"]
[Black "Gauravthegm"]
[WhiteElo "2446"]
[BlackElo "2334"]
[Result "1/2-1/2"]
[Round "8"]
[TimeControl "180+1"]
[Date "2023.08.08"]
[WhiteClock "0:00:02"]
[BlackClock "0:00:03"]
[Board "164"]

1. Nf3 d5 2. d4 Nf6 3. c4 e6 4. Nc3 dxc4 5. e3 c5 6. Bxc4 Nc6 7. O-O cxd4 8. exd4 Be7 9. Re1 O-O 10. Bg5 a6 11. Rc1 b5 12. Bb3 Bb7 13. Qd2 Rc8 14. Rcd1 Nb4 15. Ne5 Nbd5 16. Nxd5 Nxd5 17. Bxe7 Qxe7 18. Nd3 Rfd8 19. Nc5 Ba8 20. f3 Qa7 21. Qf2 Nf4 22. Kh1 a5 23. Bc2 g6 24. Qh4 Nh5 25. Re5 Rd5 26. Rxd5 Bxd5 27. a3 Qc7 28. Bd3 b4 29. axb4 axb4 30. Ra1 Qf4 31. Qxf4 Nxf4 32. Ba6 Ra8 33. Rc1 Kg7 34. h4 h5 35. Kh2 g5 36. hxg5 h4 37. Bf1 Kg6 38. Nd3 Nxd3 39. Bxd3+ Kxg5 40. Rc5 Ra2 41. Be4 Rxb2 42. Bxd5 exd5 43. Rxd5+ f5 44. Rb5 b3 45. d5 Kf4 46. d6 Rd2 47. Rxb3 Rxd6 48. Kh3 Kg5 49. Rb4 Rd1 50. Kh2 Re1 51. Ra4 Rd1 52. Rb4 Re1 53. Rb8 Rd1 54. Rg8+ Kh5 55. Rf8 Kg5 56. Rg8+ Kh5 57. Rf8 Kg5 58. Rh8 Rd2 59. Rg8+ Kh5 60. Kh3 Rd1 61. Rh8+ Kg5 62. Kh2 Rd2 63. Rg8+ Kh5 64. Rf8 Kg5 65. Re8 Rd1 66. Rf8 Kf4 67. Rh8 Kg5 68. Rg8+ 1/2-1/2


[Site "https://www.chess.com"]

[Event "Titled Tuesday Blitz August 08 Early 2023"]
[White "Player, Edmund C"]
[Black "Namitbir Singh Walia"]
[WhiteFideId "406520"]
[BlackFideId "35071068"]
[WhiteElo "2302"]
[BlackElo "2421"]
[Result "0-1"]
[Round "8"]
[TimeControl "180+1"]
[Date "2023.08.08"]
[WhiteClock "0:00:02"]
[BlackClock "0:00:26"]
[Board "165"]

1. e4 c5 2. Nf3 Nc6 3. Bb5 e5 4. Bxc6 dxc6 5. d3 f6 6. Be3 Bd6 7. a4 Ne7 8. a5 Ng6 9. Nbd2 Be6 10. Nc4 Be7 11. Qd2 Qc7 12. Qc3 Nf4 13. g3 Ng2+ 14. Ke2 Nxe3 15. Nxe3 g6 16. h4 h5 17. Kf1 Kf7 18. Nd2 b5 19. Nb3 b4 20. Qd2 Rad8 21. Qe2 Rd7 22. Nd2 Rhd8 23. Nec4 Bf8 24. Qe3 Rd4 25. Kg2 Kg8 26. b3 Kh7 27. Nf3 Bh6 28. Qe2 R4d7 29. Nfd2 Rf8 30. a6 Rdf7 31. Ra5 Bxd2 32. Rxc5 Bc3 33. Na5 Bd4 34. Rxc6 Qxa5 35. Rxe6 f5 36. exf5 Rxf5 37. Qe4 Qc7 38. Qb7 Rxf2+ 39. Kh3 R8f7 40. Qa8 Qd7 41. Qe8 Qxe8 42. Rxe8 Rxc2 43. Re1 Rc6 44. g4 Rc2 45. gxh5 gxh5 46. Re4 Rf3# 0-1


[Site "https://www.chess.com"]

[Event "Titled Tuesday Blitz August 08 Early 2023"]
[White "Mikhaylova, Irina"]
[Black "Rietze, Clemens, Dr."]
[WhiteFideId "4109040"]
[BlackFideId "24620351"]
[WhiteElo "2267"]
[BlackElo "2409"]
[Result "1/2-1/2"]
[Round "8"]
[TimeControl "180+1"]
[Date "2023.08.08"]
[WhiteClock "0:00:06"]
[BlackClock "0:00:06"]
[Board "166"]

1. d4 Nf6 2. Nf3 g6 3. c4 Bg7 4. Nc3 O-O 5. e4 d6 6. Be2 Na6 7. O-O e5 8. Be3 Ng4 9. Bg5 f6 10. Bh4 Nh6 11. d5 c6 12. Nd2 Nf7 13. Rb1 Nc7 14. b4 Qe8 15. f3 f5 16. Bf2 Qe7 17. c5 Rd8 18. cxd6 Nxd6 19. dxc6 bxc6 20. Qc2 Ne6 21. Nc4 Nd4 22. Qb2 Nxe2+ 23. Qxe2 Ba6 24. b5 Nxb5 25. Nxb5 Bxb5 26. Qc2 Qe6 27. Rfc1 Bh6 28. Be3 Bxc4 29. Bxh6 Bd3 30. Qb3 Qxb3 31. Rxb3 Bb5 32. a4 Bxa4 33. Rb7 Bb5 34. Rg7+ Kh8 35. Re7 Re8 36. Rc7 a5 37. exf5 gxf5 38. Rd1 Red8 39. Bg7+ Kg8 40. Re1 Re8 41. Rxe5 Rxe5 42. Bxe5 a4 43. Rg7+ Kf8 44. Rxh7 Ra6 45. Rh5 Bd3 46. Kf2 Kf7 47. Ke3 Kg6 48. Rh8 Bb5 49. Rg8+ Kf7 50. Rg7+ Ke6 51. Kf4 a3 52. Rg6+ Kd5 53. h4 a2 54. h5 a1=Q 55. Bxa1 Rxa1 56. h6 Ra7 57. Rg7 Ra8 58. h7 Rh8 59. Kxf5 Bd3+ 60. Kf6 Rxh7 61. Rg5+ Kd6 62. g4 Re7 63. f4 c5 64. f5 c4 65. Rg8 Rd7 66. Rc8 Rc7 67. Rd8+ Rd7 68. Rc8 Rc7 69. Rd8+ Kc5 70. g5 Be2 71. g6 c3 72. g7 Bc4 73. Rd1 Kb5 74. Rc1 Kb4 75. Kg6 Kb3 76. f6 Kb2 77. Re1 Bf7+ 78. Kh7 c2 79. g8=Q Bxg8+ 80. Kxg8 Rd7 81. f7 Rd1 82. Rxd1 cxd1=Q 83. f8=Q Kc3 84. Qg7+ Kd2 85. Qd7+ Kc2 86. Qxd1+ Kxd1 1/2-1/2


[Site "https://www.chess.com"]

[Event "Titled Tuesday Blitz August 08 Early 2023"]
[White "Kohler, Aran"]
[Black "Rakhimgaliyev, Yerlan"]
[WhiteFideId "1002856"]
[BlackFideId "13705148"]
[WhiteElo "2260"]
[BlackElo "2379"]
[Result "0-1"]
[Round "8"]
[TimeControl "180+1"]
[Date "2023.08.08"]
[WhiteClock "0:00:14"]
[BlackClock "0:01:11"]
[Board "167"]

1. d4 Nf6 2. c3 g6 3. Bg5 Bg7 4. Nd2 d5 5. e3 O-O 6. Bd3 c5 7. Ngf3 Nc6 8. h4 Bg4 9. dxc5 a5 10. e4 d4 11. c4 Nd7 12. a3 Nxc5 13. Qc2 Qb6 14. b3 e5 15. h5 h6 16. Bh4 g5 17. Bg3 f5 18. Rb1 f4 19. Bh2 Bxh5 20. Kf1 Bf6 21. Ne1 Bg6 22. f3 h5 23. Bg1 g4 24. fxg4 hxg4 25. b4 axb4 26. axb4 Nxb4 27. Qb3 Nxb3 28. Rxb3 Ra1 29. c5 Qxc5 30. Bc4+ Bf7 31. Rh8+ 0-1


[Site "https://www.chess.com"]

[Event "Titled Tuesday Blitz August 08 Early 2023"]
[White "Vifleemskaia, Svetlana"]
[Black "Fernandez Hernandez, Gerardo"]
[WhiteFideId "4129490"]
[BlackFideId "2207400"]
[WhiteElo "2378"]
[BlackElo "2251"]
[Result "1-0"]
[Round "8"]
[TimeControl "180+1"]
[Date "2023.08.08"]
[WhiteClock "0:00:35"]
[BlackClock "0:00:00"]
[Board "168"]

1. d4 Nf6 2. c4 c5 3. d5 b5 4. Qc2 b4 5. e4 d6 6. b3 g6 7. Bb2 Bg7 8. e5 dxe5 9. Bxe5 Bf5 10. Bd3 Bxd3 11. Qxd3 Nbd7 12. Bb2 O-O 13. Nf3 a5 14. a4 Qc7 15. O-O Ne8 16. Bxg7 Kxg7 17. Re1 Ndf6 18. Qe3 Ra7 19. Nbd2 Nd6 20. Qe5 Nf5 21. h3 Qxe5 22. Rxe5 Rd8 23. Rae1 Rdd7 24. g4 Nd6 25. Kg2 h5 26. Kg3 hxg4 27. hxg4 Nc8 28. Ng5 Nh7 29. Nge4 f6 30. Re6 Nd6 31. Nxc5 Rdc7 32. Nd3 Ng5 33. R6e3 f5 34. f4 Nge4+ 35. Nxe4 Nxe4+ 36. Rxe4 fxe4 37. Rxe4 Kf6 38. Ne5 Ra8 39. Nc6 1-0


[Site "https://www.chess.com"]

[Event "Titled Tuesday Blitz August 08 Early 2023"]
[White "Kanyamarala, Trisha"]
[Black "Vaglio Munoz, Jaime"]
[WhiteFideId "45004722"]
[BlackFideId "6500145"]
[WhiteElo "2359"]
[BlackElo "2244"]
[Result "1-0"]
[Round "8"]
[TimeControl "180+1"]
[Date "2023.08.08"]
[WhiteClock "0:01:09"]
[BlackClock "0:00:22"]
[Board "169"]

1. d4 c6 2. c4 b5 3. cxb5 cxb5 4. Nf3 Bb7 5. g3 Bxf3 6. exf3 a6 7. Bg2 d5 8. O-O Nf6 9. Nc3 Nbd7 10. f4 e6 11. f5 b4 12. fxe6 fxe6 13. Ne2 Bd6 14. Bf4 Qb6 15. Bxd6 Qxd6 16. Nf4 O-O 17. Re1 Rae8 18. Rc1 Qb6 19. Qc2 e5 20. Nxd5 Qxd4 21. Nc7 Ng4 22. Nxe8 Rxe8 23. Rcd1 Qa7 24. Qc4+ Kh8 25. Qxg4 Nf6 26. Qc4 h6 27. Qxb4 Rb8 28. Qd2 Qc5 29. Qe3 Qxe3 30. Rxe3 Rxb2 31. Rxe5 Rxa2 32. Be4 Kg8 33. Bg6 Kh8 34. Rd8+ Ng8 35. Rxg8+ Kxg8 36. Re8# 1-0


[Site "https://www.chess.com"]

[Event "Titled Tuesday Blitz August 08 Early 2023"]
[White "Lisjak, Zlatko"]
[Black "Melikhov, Evgeny V."]
[WhiteFideId "14502186"]
[BlackFideId "4122046"]
[WhiteElo "2193"]
[BlackElo "2353"]
[Result "0-1"]
[Round "8"]
[TimeControl "180+1"]
[Date "2023.08.08"]
[WhiteClock "0:00:00"]
[BlackClock "0:01:19"]
[Board "170"]

1. d4 Nf6 2. Nc3 d5 3. Bf4 c5 4. e4 cxd4 5. Qxd4 Nc6 6. Bb5 Bd7 7. Bxc6 Bxc6 8. e5 Ne4 9. O-O-O Nxc3 10. Qxc3 e6 11. Nf3 Rc8 12. Nd4 Qb6 13. Qg3 Ba4 14. Be3 Qa5 15. Kb1 g6 16. h4 h5 17. Bg5 Bc5 18. Nb3 Bxb3 19. Qxb3 Qb4 20. Bf6 Qxb3 21. cxb3 Rg8 22. Rhf1 Kd7 23. Rc1 Bb6 0-1


[Site "https://www.chess.com"]

[Event "Titled Tuesday Blitz August 08 Early 2023"]
[White "Tqebuchava, Zurab"]
[Black "Rama, Tejas"]
[WhiteFideId "13601113"]
[BlackFideId "30907381"]
[WhiteElo "2256"]
[BlackElo "2491"]
[Result "1/2-1/2"]
[Round "8"]
[TimeControl "180+1"]
[Date "2023.08.08"]
[WhiteClock "0:00:12"]
[BlackClock "0:00:08"]
[Board "172"]

1. e4 c5 2. Nf3 d6 3. Bb5+ Bd7 4. Bxd7+ Nxd7 5. O-O Ngf6 6. Re1 e6 7. d4 cxd4 8. Qxd4 Be7 9. c4 O-O 10. Nc3 a6 11. b3 Ng4 12. Bb2 Bf6 13. Qxd6 Nde5 14. Qxd8 Rfxd8 15. Nxe5 Bxe5 16. h3 Nxf2 17. Kxf2 Rd2+ 18. Re2 Rxb2 19. Rxb2 Bxc3 20. Rab1 Bxb2 21. Rxb2 Rd8 22. Ke2 Kf8 23. Rd2 Rxd2+ 24. Kxd2 Ke7 25. Ke3 Kd6 26. Kd4 f6 27. g4 a5 28. a3 b6 29. b4 Kc6 30. h4 axb4 31. axb4 Kd6 32. Ke3 g6 33. Kd4 Kc6 34. Ke3 Kd6 35. Kd3 Kc6 36. Ke3 Kd6 1/2-1/2


[Site "https://www.chess.com"]